 Dungeon Crawl Stone Soup version 0.27-a0-607-g1ad3dbde53 (webtiles) character file.

Game seed: 5845217227875012235

98 Johnny the Magician (level 4, -3/26 HPs)
             Began as a Deep Elf Earth Elementalist on Mar 13, 2021.
             Slain by a scorpion (4 damage)
             ... on level 2 of the Dungeon.
             The game lasted 00:01:27 (2618 turns).

Johnny the Magician (Deep Elf Earth Elementalist)   Turns: 2618, Time: 00:01:27

Health: -3/26      AC:  6    Str:  5    XL:     4   Next: 44%
Magic:  6/12       EV:  9    Int: 21    God:
Gold:   44         SH:  0    Dex: 15    Spells: 10/11 levels left

rFire    . . .     SeeInvis .   j - +0 spear
rCold    . . .     Faith    .   (no shield)
rNeg     . . .     Spirit   .   m - +1 ring mail {rPois}
rPois    +         Reflect  .   (no helmet)
rElec    .         Harm     .   (no cloak)
rCorr    .         Rampage  .   (no gloves)
Will     .....                  (no boots)
Stlth    ++........             (no amulet)
HPRegen  0.08/turn              (no ring)
MPRegen  0.13/turn              (no ring)

@: very slightly contaminated
A: no striking features
a: no special abilities


You were on level 2 of the Dungeon.
You visited 1 branch of the dungeon, and saw 2 of its levels.

You collected 44 gold pieces.

Inventory:

Hand Weapons
 j - a +0 spear (weapon)
Missiles
 b - 31 stones
Armour
 c - a +0 robe
 m - a +1 ring mail of poison resistance (worn)
Scrolls
 d - 3 scrolls of blinking {unknown}
 f - a scroll of enchant armour {unknown}
 i - a scroll of identify {unknown}
 k - a scroll of fear {unknown}
Potions
 a - a potion of ambrosia {unknown}
 e - 2 potions of might {unknown}
 g - a potion of flight {unknown}
 h - a potion of heal wounds {unknown}
 l - a potion of brilliance {unknown}


   Skills:
 + Level 1.8 Fighting
 - Level 2.4 Dodging
 + Level 4.0 Stealth
 + Level 4.4 Spellcasting
 - Level 1.1 Transmutations
 - Level 3.2 Earth Magic


You had 10 spell levels left.
You knew the following spells:

 Your Spells              Type           Power      Damage    Failure   Level
a - Sandblast             Erth           36%        2d10      14%         1

Your spell library contained the following spells:

 Spells                   Type           Power      Damage    Failure   Level
 Passwall                 Tmut/Erth      10%        N/A       34%         2
 Stone Arrow              Conj/Erth      22%        3d8       63%         3
 Petrify                  Tmut/Erth      13%        N/A       92%         4
 Lee's Rapid Deconstruct  Erth           9%         3d8*      99%         5


Dungeon Overview and Level Annotations

Branches:
Dungeon (2/15)

Altars:
Elyvilon


Message History

Aiming: Sandblast (safe; 14% risk of failure)
Press: ? - help, Shift-Dir - straight line, f/p - scorpion
Aim: a scorpion (lightly wounded, 21% to evade)
The blast of sand hits the scorpion.
The scorpion is heavily wounded.
The scorpion stings you.
Casting: Sandblast (safe; 14% risk of failure)
Confirm with . or Enter, or press ? or * to list all spells.
Aiming: Sandblast (safe; 14% risk of failure)
Press: ? - help, Shift-Dir - straight line, f/p - scorpion
Aim: a scorpion (heavily wounded, 21% to evade)
The blast of sand misses the scorpion.
The scorpion stings you but does no damage.
Casting: Sandblast (safe; 14% risk of failure)
Confirm with . or Enter, or press ? or * to list all spells.
Aiming: Sandblast (safe; 14% risk of failure)
Press: ? - help, Shift-Dir - straight line, f/p - scorpion
Aim: a scorpion (heavily wounded, 21% to evade)
The blast of sand hits the scorpion.
The scorpion is heavily wounded.
The scorpion stings you!
* * * LOW HITPOINT WARNING * * *
Casting: Sandblast (safe; 14% risk of failure)
Confirm with . or Enter, or press ? or * to list all spells.
Aiming: Sandblast (safe; 14% risk of failure)
Press: ? - help, Shift-Dir - straight line, f/p - scorpion
Aim: a scorpion (heavily wounded, 21% to evade)
The blast of sand hits the scorpion but does no damage.
The scorpion is heavily wounded.
The scorpion stings you.
* * * LOW HITPOINT WARNING * * *
Casting: Sandblast (safe; 14% risk of failure)
Confirm with . or Enter, or press ? or * to list all spells.
Aiming: Sandblast (safe; 14% risk of failure)
Press: ? - help, Shift-Dir - straight line, f/p - scorpion
Aim: a scorpion (heavily wounded, 21% to evade)
You miscast Sandblast.
You are very lightly contaminated with residual magic.
Nothing appears to happen.
The scorpion stings you.
You die...

#...)......#
#.########.# #####.#..
#.# ...#.#.#### #.#
#########>#.#....# #.#
.................# #.#
......!...#.#..#.# #.#
...$.....!#.#....# #.#
....$..@..#.#.#### #.#
......s...#.### #.#
..........#.. #.#
..........##########.###
...>....... ...........
..........[. ...........
..........############.#
..........# #.# #.#


You could see a scorpion.

Vanquished Creatures
  Jessica (D:2)
  3 adders (D:2)
  An ooze (D:2)
  A worm (D:2)
  A dart slug (D:1)
  A leopard gecko (D:2)
  7 bats
  4 giant cockroaches
  3 goblins (D:1)
  6 hobgoblins
  2 frilled lizards (D:1)
  2 kobolds
  4 rats (D:1)
36 creatures vanquished.

Notes
Turn   | Place    | Note
-------+----------+-------------------------------------------
     0 | D:1      | Johnny the Deep Elf Earth Elementalist began the quest for
                  | the Orb.
     0 | D:1      | Reached XP level 1. HP: 10/10 MP: 6/6
   106 | D:1      | Reached XP level 2. HP: 14/16 MP: 2/8
   759 | D:1      | Reached skill level 1 in Fighting
  1289 | D:2      | Found a white marble altar of Elyvilon.
  1296 | D:2      | Reached XP level 3. HP: 20/20 MP: 10/10
  1418 | D:2      | Noticed Jessica
  1431 | D:2      | Killed Jessica
  1565 | D:2      | Found a faded altar of an unknown god.
  1577 | D:2      | HP: 1/20 [leopard gecko (3)]
  1578 | D:2      | Reached XP level 4. HP: 1/25 MP: 8/12
  2617 | D:2      | HP: 1/26 [scorpion (3)]
  2618 | D:2      | Slain by a scorpion

Illustrated notes

Levels and vault maps discovered:
D:1:      saegor_arrival_simple_b, layout_loops_ring
D:2:      layout_basic, old_standard_altar, chequers_ecumenical_altar_simple,
          uniq_jessica

Skill      XL: |  1  2  3  4 |
---------------+-------------+-----
Stealth        | 3 4 |  4.0
Fighting       | 1 |  1.8
Spellcasting   | 4 |  4.4
Dodging        | |  2.4
Transmutations | |  1.1
Earth Magic    | |  3.2

Action                   |  1- 3 |  4- 6 || total
-------------------------+-------+-------++-------
Melee: Spear             |    46 |    32 ||    78
       Unarmed           |    18 |       ||    18
 Cast: Sandblast         |    29 |    16 ||    45
 Stab: Sleeping          |     7 |     1 ||     8
Armor: Robe              |    15 |       ||    15
       Ring mail         |       |    16 ||    16
Dodge: Dodged            |    42 |    15 ||    57

Table legend: (Time is in decaauts)
 A = Elapsed time spent in this place.
 B = Non-inter-level travel time spent in this place.
 C = Inter-level travel time spent in this place.
 D = Time resting spent in this place.
 E = Time spent auto-exploring this place.
 F = Levels seen in this place.
 G = Mean time per level.
                   A        B        C        D        E       F      G
               +--------+--------+--------+--------+--------+-----+--------+
         Total |   2625 |   2607 |     18 |    583 |   1723 |   2 | 1312.5 |
       Dungeon |   2625 |   2607 |     18 |    583 |   1723 |   2 | 1312.5 |
               +--------+--------+--------+--------+--------+-----+--------+

Top non-repeatable levels by time:
     D:2: 1333 daAuts
     D:1: 1291 daAuts
